 Dungeon Crawl Stone Soup version 0.19.0-2-gae57169 (webtiles) character file.

634081 esc the Slayer (level 27, -43/266 HPs)
             Began as a Ghoul Fighter on Nov 5, 2016.
             Was the Champion of Ashenzari.
             Annihilated by an Orb Guardian (51 damage)
             ... on level 5 of the Realm of Zot.
             The game lasted 04:57:19 (61778 turns).

esc the Slayer (Ghoul Fighter)                     Turns: 61778, Time: 04:57:20

Health: -43/266    AC: 26    Str: 35    XL:     27
Magic:  35/35      EV: 28    Int:  3    God:    Ashenzari [******]
Gold:   2942       SH: 22    Dex: 28    Spells: 3 memorised, 34 levels left

rFire  + + .     SeeInvis +       - Unarmed
rCold  + + .     Gourm    .     V - +5 scale mail of the Hidden Vale {+Fly rPois Str+6}
rNeg   + + +     Faith    .     T - +5 shield {rF+} (curse)
rPois  ∞         Spirit   .     X - +1 helmet "Hajyuf" {+Blink Dex+4} (curse)
rElec  +         Reflect  .     i - +2 cloak {MR+}
rCorr  .         Harm     .     (no gloves)
MR     +++++     Clarity  +     I - +0 pair of boots of the Buccaneer {rF+ Stlth+} (curse)
Stlth  +++.......               l - amulet "Raxaphed" {MR+ Regen+} (curse)
                                Q - ring "Qerchot" {rElec rC+ rN+ Dex+2} (curse)
                                w - ring of protection from magic (curse) {MR+, !d}

@: mighty, agile, about to teleport, very slightly contaminated, rotting,
hasted, very quick
A: rotting body, claws 1, carnivore 3, cold resistance 1, negative energy
resistance 3, slow regeneration 1, torment resistance, unbreathing
a: Curse Item, Scrying, Transfer Knowledge, Renounce Religion, Evoke Blink,
Evoke Flight
}: 3/15 runes: serpentine, barnacled, silver


You were on level 5 of the Realm of Zot.
You worshipped Ashenzari.
Ashenzari was exalted by your worship.
You were not hungry.

You visited 10 branches of the dungeon, and saw 50 of its levels.
You also visited: Trove, Sewer, Ice Cave and Desolation.

You collected 8400 gold pieces.
You spent 5458 gold pieces at shops.

Inventory:

Missiles
 K - 3 throwing nets {=f, !d}
 Y - 8 tomahawks of dispersal {=f}
Armour
 i - a +2 cloak of magic resistance (worn)
   (You took it off a draconian caller on level 1 of the Realm of Zot)
 k - the +0 pair of gloves of Xeehy {rF+}
   (You found it on level 5 of the Depths)

   It protects you from fire.
 I - the cursed +0 pair of boots of the Buccaneer (worn) {rF+ Stlth+}
   (You bought it in a shop on level 3 of the Depths)

   It protects you from fire.
   It makes you more stealthy.
   It has a curse placed upon it.
 J - a +0 cloak of poison resistance
   (You took it off a draconian knight on level 2 of the Realm of Zot)
 T - a cursed +5 shield of fire resistance (worn)
   (You found it on level 4 of the Lair of Beasts)
 V - the +5 scale mail of the Hidden Vale (worn) {+Fly rPois Str+6}
   (You found it on level 5 of the Lair of Beasts)

   It affects your strength (+6).
   It protects you from poison.
   It lets you fly.
 X - the cursed +1 helmet "Hajyuf" (worn) {+Blink Dex+4}
   (You bought it in a shop on level 2 of the Orcish Mines)

   It affects your dexterity (+4).
   It lets you blink.
   It has a curse placed upon it.
Rods
 Z - a +5 rod of clouds (10/10) {!a}
   (You found it on level 3 of the Elven Halls)
Jewellery
 l - the cursed amulet "Raxaphed" (around neck) {MR+ Regen+}
   (You found it on level 3 of the Elven Halls)

   [amulet of regeneration]

   It affects your resistance to hostile enchantments.
   It increases your rate of regeneration.
   It has a curse placed upon it.
 w - a cursed ring of protection from magic (left claw) {MR+, !d}
   (You found it on level 4 of the Dungeon)
 Q - the cursed ring "Qerchot" (right claw) {rElec rC+ rN+ Dex+2}
   (You found it in the Desolation of Salt)

   [ring of protection from cold]

   It affects your dexterity (+2).
   It protects you from cold.
   It insulates you from electricity.
   It protects you from negative energy.
   It has a curse placed upon it.
Wands
 j - a wand of acid (3/15)
   (You took it off a naga on level 2 of the Snake Pit)
 s - a wand of confusion (21/48)
   (You found it on level 3 of the Vaults)
 x - a wand of teleportation (4/9)
   (You found it on level 4 of the Dungeon)
 z - a wand of lightning (7/15)
   (You found it on level 3 of the Depths)
 C - a wand of heal wounds (9/9)
   (You acquired it on level 1 of the Elven Halls)
 F - a wand of iceblast (10/15)
   (You took it off a centaur on level 3 of the Depths)
 G - a wand of slowing (37/48)
   (You found it on level 2 of the Depths)
 N - a wand of polymorph (4/24)
   (You found it on level 3 of the Snake Pit)
 W - a wand of digging (16/24)
   (You found it on level 3 of the Vaults)
Scrolls
 a - 10 scrolls of remove curse
 e - 10 scrolls of fog
 u - 6 scrolls of recharging
 y - 15 scrolls of identify
 B - a scroll of magic mapping {!r}
 D - 3 scrolls of immolation {!r}
 L - 4 scrolls of fear
 O - 5 scrolls of blinking {!r}
 P - a scroll of silence
Potions
 b - a potion of haste
 c - 8 potions of curing
 g - a potion of cancellation
 o - 3 potions of agility
 p - 2 potions of heal wounds
 q - 2 potions of might
 r - a potion of magic
 A - 5 potions of ambrosia
Miscellaneous
 h - a box of beasts
 n - a disc of storms
   (You found it on level 5 of the Depths)
 t - a phial of floods
   (You found it on level 6 of the Lair of Beasts)
 v - a lamp of fire
   (You found it on level 5 of the Vaults)
 E - a fan of gales
   (You found it on level 3 of the Elven Halls)
 M - a sack of spiders
 U - a crystal ball of energy
   (You found it on level 5 of the Lair of Beasts)
Comestibles
 d - 22 meat rations {@e2}


   Skills:
 + Level 25.0 Fighting
 + Level 23.0 Armour
 - Level 11.3 Dodging
 - Level 13.3(15.9) Shields
 + Level 24.2 Unarmed Combat
 + Level 7.3 Spellcasting
 + Level 7.6(12.1) Translocations
 + Level 19.2(22.8) Evocations


You had 34 spell levels left.
You knew the following spells:

 Your Spells              Type           Power        Failure   Level  Hunger
a - Lesser Beckoning      Tloc           #.........   1%          3    ####...
g - Apportation           Tloc           #.........   1%          1    ##.....
w - Passwall              Tmut/Erth      #.........   45%         2    ###....


Dungeon Overview and Level Annotations

Branches:
Dungeon (15/15)            Temple (1/1) D:4            Lair (6/6) D:8
 Shoals (4/4) Lair:4        Snake (4/4) Lair:4        Slime (0/5) Lair:6
    Orc (2/2) D:9             Elf (3/3) Orc:2        Vaults (5/5) D:13
  Crypt (0/3) Vaults:2     Depths (5/5) D:15            Zot (5/5) Depths:5

Altars:
Ashenzari
Cheibriados
Dithmenos
Elyvilon
Fedhas
Gozag
Hepliaklqana
Kikubaaqudgha
Nemelex Xobeh
Qazlal
Ru
Sif Muna
Trog
Uskayaw
Yredelemnul
The Shining One
Beogh

Shops:
D:12 ?   D:13 (   D:14 *   Orc:2 :[((   Elf:2 }==   Elf:3 (   Shoals:2 =*
Depths:1 !((!   Depths:3 [*%=[(   Depths:4 *(*

Portals:
Hell: Depths:1 Depths:2 Depths:3 Depths:4 Depths:5
Abyss: Depths:4 Depths:5
Pandemonium: Depths:3
Ziggurat: Depths:3

Annotations:
D:4 Menkaure; UnlimitedFusion's ghost, novice KoIE
Shoals:3 Polyphemus
Snake:2 Vashnia


Innate Abilities, Weirdness & Mutations

Your body is rotting away.
You thrive on raw meat.
You are immune to poison.
You have sharp fingernails.
You are carnivorous and can eat meat at any time.
Your flesh is cold resistant. (rC+)
You are immune to negative energy. (rN+++)
You regenerate slowly when monsters are visible.
You are immune to unholy pain and torment.
You can survive without breathing.


Message History

The Killer Klown flogs you!
You take 13 damage, and have 150/266 hp.
You claw the Killer Klown!
The death cob hits you but does no damage.
The death cob hits you! You block the Killer Klown's attack.
A death cob comes into view.
You take 15 damage, and have 135/266 hp.
Your magical effects are unravelling.
You feel magically purged.
You feel yourself speed up.
The sentinel's mark upon you fades away.
You block the death cob's attack. x2; The death cob barely misses you.
You block the Killer Klown's attack. You block the death cob's attack.
You hear a distant "Zot"!
The Killer Klown blinks! 2 moths of wrath come into view.
You feel yourself speed up. You block the death cob's attack. x2
You hear a distant "Zot"!
The moth of wrath barely misses you. The death cob barely misses you.
The death cob misses you.
The moth of wrath goads the purple draconian on!
The purple draconian goes berserk!
You are very lightly contaminated with residual magic.
An Orb Guardian comes into view.
You feel agile all of a sudden. You block the death cob's attack.
The death cob misses you.
You hear a distant "Zot"!
You feel very mighty all of a sudden. You block the death cob's attack.
The death cob hits you!
The Killer Klown blinks!
The death cob hits you but does no damage.
The death cob barely misses you.
An Orb Guardian comes into view.
You take 13 damage, and have 124/266 hp.
You barely miss the tentacled monstrosity.
The death cob misses you.
You hear a distant "Zot"!
The death cob misses you.
You eviscerate the death cob!!!! You block the death cob's attack.
You hear a distant "Zot"!
You block the death cob's attack.
You claw the death cob!
You destroy the death cob!
The death cob hits you!! The death cob drains your vigour!
You feel yourself slow down.
You block the tentacled monstrosity's attack.
The tentacled monstrosity tentacle-slaps you.
The tentacled monstrosity misses you.
The tentacled monstrosity completely misses you.
A storm dragon comes into view.
You take 22 damage, and have 103/266 hp.
You barely miss the Killer Klown. You block the death cob's attack.
The purple draconian rages.
You claw the Killer Klown! You block the death cob's attack.
The Killer Klown defenestrates you!
You are engulfed in flames!
You resist.
The tentacled monstrosity barely misses you.
You block the tentacled monstrosity's attack.
The tentacled monstrosity barely misses you.
You block the tentacled monstrosity's attack.
The death cob completely misses you.
You take 16 damage, and have 87/266 hp.
You eviscerate the Killer Klown!!!
You kill the Killer Klown!
You block the death cob's attack.
As you read the scroll of teleportation, it crumbles to dust.
You feel strangely unstable.
You feel the Orb delaying your translocation!
You block the death cob's attack.
You hear a distant "Zot"!
The death cob completely misses you. You block the Orb Guardian's attack.
The tentacled monstrosity misses you.
The tentacled monstrosity closely misses you.
You block the tentacled monstrosity's attack.
The tentacled monstrosity grabs you.
The tentacled monstrosity constricts you.
You block the death cob's attack. You block the Orb Guardian's attack.
A quicksilver dragon comes into view.
You miss the Orb Guardian. You block the death cob's attack.
You block the tentacled monstrosity's attack.
The tentacled monstrosity tentacle-slaps you but does no damage. x2
The tentacled monstrosity constricts you!
You take 7 damage, and have 81/266 hp.
You escape the tentacled monstrosity's grasp.
You hear a distant "Zot"!
The death cob completely misses you.
The moth of wrath goads the Orb Guardian on!
The Orb Guardian goes berserk!
You block the death cob's attack. You block the Orb Guardian's attack.
The Orb Guardian hits you!!
* * * LOW HITPOINT WARNING * * *
The moth of wrath goads the Orb Guardian on!
The Orb Guardian goes berserk!
An orb of fire comes into view.
You take 24 damage, and have 57/266 hp.
You feel yourself speed up. The Orb Guardian hits you!!!
* * * LOW HITPOINT WARNING * * *
The death cob hits you but does no damage.
The Orb Guardian hits you!!!
You die...

,,.,∆,,,,*##...............##*,,,
,,,,,,,,,* ##..!..........## *,,,
,,,,,,,,,* #......*......# *,,,
,,,,,,,,,* ##...........## *,,,
,,,,,,,,,* #......D....# *,,,
,,,,,,,,{* ##.......L...## *,,,
,,,,,,,,** #.............# **,,
,,,{,,,** ##....X........#* **,
,,,,,,** #....@zXX.......# **
******* ▓▓▓########y########▓▓▓ *
####....?.....dyD{.......#
#.....##############.....#
#......## ##...## ##......##
##...### ##......## #{......
##......## #.......
##....).##########...#...


You could see an orb of fire, a tentacled monstrosity, an ancient lich, a death
cob, a quicksilver dragon, 2 Orb Guardians and a moth of wrath.

Vanquished Creatures
  3 ancient liches
  3 orbs of fire (Zot:5)
  4 juggernauts
  A curse toe (Zot:2)
  A Killer Klown (Zot:5)
  7 caustic shrikes
  10 golden dragons
  Jory (Vaults:3)
  An electric golem (Zot:5)
  Rupert (Snake:1)
  17 tentacled monstrosities
  4 titans
  9 Orb Guardians (Zot:5)
  4 quicksilver dragons
  3 deep elf blademasters
  Asterion (D:15)
  A deep elf master archer (Elf:3)
  3 liches (Depths:5)
  7 death cobs
  7 sphinxes
  12 tengu reavers
  Donald (Lair:4)
  11 storm dragons
  9 shadow dragons
  Kirke (Snake:3)
  Ilsuiw (Shoals:4)
  7 draconian monks
  A storm dragon (shapeshifter) (Vaults:4)
  13 fire giants
  9 nagarajas
  20 frost giants
  An iron dragon (Depths:5)
  An orc warlord (Orc:2)
  3 draconian knights
  2 ghost moths
  A ghost moth (shapeshifter) (Vaults:4)
  6 deep elf elementalists
  14 vault wardens
  10 deep elf sorcerers
  3 draconian shifters (Zot:4)
  4 draconian scorchers
  3 draconian zealots
  17 ironheart preservers
  A reaper (Depths:3)
  5 draconian annihilators
  23 very ugly things
  3 war gargoyles
  18 stone giants
  6 vampire knights
  4 spriggan defenders
  A stone giant (shapeshifter) (Vaults:5)
  An entropy weaver (Vaults:4)
  9 green draconians
  5 draconian callers
  6 deep elf demonologists
  8 black draconians
  10 deep elf annihilators
  Nessos (D:14)
  9 white draconians
  A halazid warlock (Desolation)
  4 yellow draconians
  4 spark wasps
  2 large abominations (Elf:3)
  3 mottled draconians
  7 purple draconians
  2 red draconians
  Josephine (D:11)
  3 crystal guardians (Desolation)
  3 merfolk javelineers (Shoals:4)
  9 deep elf death magi
  A jiangshi (Vaults:2)
  13 ettins
  15 deep elf high priests
  7 merfolk impalers
  A fire dragon (shapeshifter) (Vaults:4)
  6 small abominations
  8 fire dragons
  3 ragged hierophants (Desolation)
  5 servants of whispers (Desolation)
  10 ogre magi
  25 vault guards
  17 yaktaur captains
  12 great orbs of eyes
  5 rakshasas
  A hydra (Lair:3)
  22 ice dragons
  Fannar (Lair:2)
  13 centaur warriors
  7 peacekeepers (Desolation)
  A hell beast (Depths:1)
  2 spriggan air magi (Depths:3)
  7 merfolk aquamancers
  23 naga warriors
  A catoblepas (Shoals:3)
  A ghost crab (shapeshifter) (Depths:3)
  A catoblepas (shapeshifter) (Depths:2)
  4 death knights
  An alligator snapping turtle (Shoals:3)
  5 merfolk avatars
  5 death yaks
  26 dancing weapons
  18 deep troll shamans
  5 tengu warriors
  7 deep troll earth magi
  7 anacondas
  3 vampire magi
  9 spriggan berserkers
  15 hell knights
  Sonja (D:11)
  6 shock serpents
  24 deep elf knights
  11 naga sharpshooters
  A sun demon (Depths:1)
  A fire crab (shapeshifter) (Depths:5)
  6 iron trolls
  4 shadow wraiths
  2 salamander mystics (Snake:3)
  A skeletal warrior (Vaults:4)
  A sixfirhy (Depths:1)
  14 sea snakes
  5 glowing orange brains
  4 wizards
  5 unseen horrors
  4 flayed ghosts
  21 deep trolls
  9 naga ritualists
  17 deep elf archers
  2 hill giants
  An obsidian statue (Depths:1)
  A shadow demon (Depths:1)
  6 orc knights
  A wolf spider zombie (D:14)
  2 hill giants (shapeshifter)
  15 harpies
  An orange crystal statue (Elf:3)
  14 ironbrand convokers
  A sphinx zombie (Depths:1)
  54 deep elf magi
  13 mana vipers
  A phantasmal warrior (Vaults:4)
  6 necromancers
  40 ugly things
  Pikel (D:8)
  3 orc sorcerers
  3 wolf spiders
  A cyclops (shapeshifter) (Vaults:1)
  5 cyclopes
  9 manticores
  16 moths of wrath
  6 fauns
  15 salamanders
  A moth of wrath (shapeshifter) (Vaults:4)
  An elephant (Lair:3)
  Maurice (D:11)
  4 centaur zombies (D:15)
  9 eyes of devastation
  2 ice statues (IceCv)
  A rust devil (Depths:1)
  4 guardian serpents
  An eye of devastation (shapeshifter) (Depths:3)
  9 vault sentinels
  9 water nymphs
  2 torpor snails
  31 naga magi
  43 black mambas
  6 sirens
  A spiny frog (shapeshifter) (Depths:5)
  20 spiny frogs
  An orange demon (Depths:1)
  6 centaur skeletons
  7 rime drakes
  5 freezing wraiths
  6 ice devils
  2 gargoyles
  A kobold demonologist (D:12)
  6 komodo dragons
  55 yaktaurs
  A yaktaur (shapeshifter) (Elf:1)
  2 red devils (Depths:1)
  A merfolk (shapeshifter) (Elf:2)
  17 merfolk
  A meliai (shapeshifter) (Vaults:3)
  4 tengu conjurers
  15 two-headed ogres
  A queen bee (Lair:3)
  5 wind drakes
  3 trolls
  7 polar bears
  Grinder (D:3)
  A wind drake (shapeshifter) (Vaults:4)
  2 two-headed ogres (shapeshifter)
  29 slime creatures
  8 hornets
  17 dream sheep
  33 saltlings (Desolation)
  12 hippogriffs
  10 snapping turtles
  2 raiju (shapeshifter)
  24 blink frogs
  3 air elementals
  4 shadows
  5 wyverns
  2 redbacks
  12 spriggans
  A spriggan (shapeshifter) (Vaults:2)
  8 water elementals
  5 wraiths
  4 basilisks
  A ynoxinul (Depths:1)
  A yak (shapeshifter) (Vaults:1)
  5 fire elementals
  44 yaks
  A human (shapeshifter) (Vaults:4)
  A golden eye (Depths:2)
  5 humans
  11 vampire mosquitoes
  2 hungry ghosts
  Edmund (D:6)
  2 chaos spawn (Depths:1)
  3 wargs
  A warg (shapeshifter) (Depths:5)
  4 mottled dragons
  45 nagas
  7 porcupines
  A naga (shapeshifter) (Vaults:3)
  A floating eye (Depths:5)
  20 water moccasins
  4 sky beasts
  A sky beast (shapeshifter) (Vaults:4)
  A slave (D:8)
  An ettin simulacrum (Vaults:2)
  2 eyes of draining (Depths:3)
  41 orc warriors
  42 ogres
  3 phantoms
  5 ice beasts
  13 black bears
  A necrophage (D:12)
  7 boggarts
  30 wolves
  37 centaurs
  20 crocodiles
  A big kobold (shapeshifter) (Elf:2)
  10 big kobolds
  7 earth elementals
  22 bullfrogs
  A wyvern zombie (D:9)
  2 human simulacra
  4 scorpions
  A water moccasin skeleton (D:6)
  27 killer bees
  15 wights
  2 vampire bats (D:12)
  4 howler monkeys
  9 crimson imps
  4 hounds
  A quasit (D:7)
  3 draconian simulacra (IceCv)
  2 bullfrog zombies
  3 bullfrog skeletons
  5 jellies
  25 orc priests
  4 iguanas
  32 orc wizards
  2 iron imps (Depths:1)
  10 worker ants
  Terence (D:3)
  Natasha (thrice) (D:3)
  A troll simulacrum (IceCv)
  2 centaur simulacra (IceCv)
  A hound zombie (D:5)
  A hound skeleton (D:11)
  3 worker ant zombies
  4 gnolls
  A howler monkey skeleton (D:6)
  2 ogre simulacra (IceCv)
  15 adders
  2 naga simulacra (IceCv)
  2 shadow imps
  2 ufetubi (Depths:1)
  An adder zombie (D:6)
  6 oozes
  An adder skeleton (D:5)
  2 worms (D:2)
  A worm (shapeshifter) (Vaults:3)
  A dart slug (D:1)
  7 leopard geckos
  111 orcs
  2 ball pythons
  A ball python (shapeshifter) (Depths:5)
  20 bats
  7 giant cockroaches
  6 goblins
  11 hobgoblins
  6 jackals
  4 quokkas
  3 frilled lizards
  3 goblin zombies (D:4)
  2 hobgoblin zombies (D:4)
  A jackal skeleton (D:4)
  38 kobolds
  A kobold skeleton (D:4)
  2 kobold zombies (D:4)
  2 orc skeletons (D:4)
  An orc zombie (D:4)
  10 rats
  A crawling corpse (Elf:3)
  A plant (Lair:6)
2380 creatures vanquished.

Vanquished Creatures (collateral kills)
  Saint Roka (Depths:2)
  A golden dragon (Depths:3)
  A fire giant (Depths:4)
  An imperial myrmidon (Desolation)
  A deep elf sorcerer (Elf:3)
  A stone giant (Vaults:4)
  2 mottled draconians (Zot:4)
  A halazid warlock (Desolation)
  2 deep elf annihilators (Elf:3)
  A merfolk javelineer (Shoals:4)
  Snorg (Lair:3)
  A deep elf death mage (Elf:3)
  2 great orbs of eyes
  A ragged hierophant (Desolation)
  2 servants of whispers (Desolation)
  A deep elf high priest (Elf:3)
  A merfolk avatar (Shoals:4)
  A dancing weapon (Elf:3)
  A deep troll earth mage (Depths:1)
  A spriggan berserker (Depths:2)
  An ironbrand convoker (Desolation)
  A deep troll (Depths:1)
  A guardian serpent (Desolation)
  2 yaktaurs (Vaults:4)
  A polar bear (shapeshifter) (Depths:2)
  A hornet (Depths:2)
  11 saltlings (Desolation)
  A spriggan (Depths:2)
  An ogre (Depths:2)
  A centaur (Depths:3)
  A hound (D:11)
  2 orc priests (Depths:2)
  7 orcs
55 creatures vanquished.

Vanquished Creatures (others)
  A deep elf master archer (Elf:3)
  A sphinx (Vaults:5)
  A ghost moth (Zot:2)
  An ironheart preserver (Vaults:3)
  A stone giant (Vaults:4)
  6 merfolk javelineers
  A deep elf high priest (Vaults:5)
  A yaktaur captain (Vaults:2)
  3 centaur warriors
  A merfolk aquamancer (Shoals:4)
  A satyr (Shoals:3)
  A naga ritualist (Snake:4)
  A deep elf archer (Vaults:3)
  A wizard (Vaults:1)
  A necromancer (Depths:1)
  An ironbrand convoker (Vaults:5)
  A harpy (Vaults:5)
  A faun (Shoals:3)
  A cyclops (Shoals:2)
  A moth of wrath (Zot:2)
  A torpor snail (shapeshifter) (Vaults:5)
  A vault sentinel (Vaults:5)
  11 yaktaurs
  4 two-headed ogres
  A yak (Lair:1)
  3 humans (Snake:3)
  A naga (Snake:1)
  3 ogres (Vaults:5)
  5 centaurs
  2 orc wizards
  An orc (Vaults:2)
  18 fungi
  14 plants
  8 tentacles (Shoals:2)
100 creatures vanquished.

Grand Total: 2535 creatures vanquished

Notes
Turn   | Place    | Note
-------+----------+-------------------------------------------
     0 | D:1      | esc the Ghoul Fighter began the quest for the Orb.
     0 | D:1      | Reached XP level 1. HP: 19/19 MP: 0/0
    57 | D:1      | Reached skill level 3 in Shields
   113 | D:1      | Reached XP level 2. HP: 17/25 MP: 1/1
   147 | D:1      | Reached skill level 3 in Unarmed Combat
   340 | D:1      | Reached XP level 3. HP: 29/31 MP: 2/2
   860 | D:1      | HP: 6/31 [gnoll/flail (6)]
   868 | D:1      | Reached XP level 4. HP: 8/38 MP: 3/3
  1045 | D:2      | Found a sacrificial altar of Ru.
  1187 | D:2      | Reached skill level 3 in Armour
  1207 | D:2      | Reached skill level 4 in Unarmed Combat
  1658 | D:2      | Reached XP level 5. HP: 46/46 MP: 4/4
  1961 | D:3      | Noticed Natasha
  1969 | D:3      | Killed Natasha
  1969 | D:3      | Reached skill level 4 in Fighting
  1979 | D:3      | Noticed Grinder
  1997 | D:3      | Killed Grinder
  1997 | D:3      | Reached XP level 6. HP: 47/53 MP: 5/5
  2087 | D:3      | Reached skill level 4 in Shields
  2194 | D:3      | Noticed Natasha
  2216 | D:3      | Killed Natasha
  2245 | D:3      | Noticed Natasha
  2338 | D:3      | Noticed Terence
  2355 | D:3      | Killed Natasha
  2355 | D:3      | Reached skill level 5 in Unarmed Combat
  2355 | D:3      | Reached XP level 7. HP: 49/60 MP: 6/6
  2384 | D:3      | Killed Terence
  2621 | D:4      | Reached skill level 4 in Armour
  2666 | D:4      | Got a crystal whip
  2668 | D:4      | Identified the cursed +1 whip of the Big Bang {slash, rPois rN+ Str+6 Stlth-} (You found it on level 4 of the Dungeon)
  2727 | D:4      | Reached skill level 5 in Fighting
  2894 | D:4      | Found a staircase to the Ecumenical Temple.
  2903 | Temple   | Entered the Ecumenical Temple
  2997 | Temple   | Became a worshipper of Ashenzari the Shackled
  3073 | D:4      | Found a glowing golden altar of the Shining One.
  3094 | D:4      | Noticed UnlimitedFusion's ghost (novice KoIE)
  3235 | D:5      | Entered Level 5 of the Dungeon
  3236 | D:5      | Found a glowing drain.
  3282 | D:5      | Noticed Menkaure
  3365 | Sewer    | Entered a sewer
  3410 | Sewer    | Reached skill level 1 in Evocations
  3585 | Sewer    | Reached XP level 8. HP: 19/69 MP: 8/8
  3585 | Sewer    | HP: 17/69 [kobold/club (2)]
  3825 | D:5      | Found a snail-covered altar of Cheibriados.
  3846 | D:5      | Reached skill level 2 in Evocations
  4028 | D:5      | Reached skill level 6 in Unarmed Combat
  4161 | D:5      | Found a basalt altar of Yredelemnul.
  4314 | D:6      | Reached skill level 5 in Shields
  4488 | D:6      | Reached skill level 6 in Fighting
  4488 | D:6      | Reached skill level 5 in Armour
  4610 | D:6      | Reached skill level 3 in Evocations
  4647 | D:6      | Reached XP level 9. HP: 55/77 MP: 10/10
  4961 | D:6      | Noticed Edmund
  4983 | D:6      | Killed Edmund
  4983 | D:6      | Reached skill level 7 in Unarmed Combat
  5337 | D:7      | Reached * piety under Ashenzari
  5371 | D:7      | Found an ancient bone altar of Kikubaaqudgha.
  5442 | D:6      | Reached skill level 7 in Fighting
  5442 | D:6      | Reached skill level 4 in Evocations
  5615 | D:7      | Reached skill level 6 in Armour
  5615 | D:7      | Reached skill level 6 in Shields
  5831 | D:7      | Reached XP level 10. HP: 66/86 MP: 12/12
  5875 | D:7      | Reached skill level 8 in Unarmed Combat
  6185 | D:8      | Found a staircase to the Lair.
  6284 | D:8      | Noticed Pikel
  6305 | D:8      | Killed Pikel
  6305 | D:8      | Reached skill level 8 in Fighting
  6539 | D:8      | Noticed a green ugly thing
  6573 | Lair:1   | Entered Level 1 of the Lair of Beasts
  6614 | Lair:1   | HP: 19/87 [yak (11)]
  6618 | Lair:1   | HP: 9/88 [yak (1)]
  6649 | Lair:1   | HP: 21/89 [yak (7)]
  6813 | Lair:1   | Reached skill level 7 in Armour
  7001 | Lair:1   | Reached skill level 7 in Shields
  7026 | Lair:1   | HP: 21/89 [water moccasin (2)]
  7463 | Lair:1   | Noticed a spiny frog
  7704 | Lair:1   | Reached skill level 9 in Unarmed Combat
  7710 | Lair:1   | HP: 22/88 [blink frog (6)]
  7721 | Lair:1   | HP: 17/90 [blink frog (15)]
  7733 | Lair:1   | HP: 18/90 [blink frog (12)]
  7742 | Lair:1   | Reached skill level 9 in Fighting
  7770 | Lair:1   | Reached XP level 11. HP: 41/97 MP: 13/13
  8029 | Lair:2   | Reached ** piety under Ashenzari
  8341 | Lair:2   | Reached skill level 8 in Armour
  8571 | Lair:2   | Reached skill level 8 in Shields
  8612 | Lair:2   | Reached skill level 10 in Unarmed Combat
  8675 | Lair:2   | Reached skill level 10 in Fighting
  8698 | Lair:2   | Identified the +1 leather armour "Qauf" {Int+3}
  9056 | Lair:3   | Noticed Snorg
  9101 | Lair:3   | Noticed Fannar
  9169 | Lair:3   | Identified the ring "Feur" {*Slow Str+3 Int+3 SInv Stlth+}
  9209 | Lair:2   | HP: 24/99 [wolf (9)]
  9244 | Lair:2   | HP: 21/99 [Fannar/Ozocubu's Refrigeration (12)]
  9247 | Lair:2   | HP: 9/99 [ice beast[Fannar] (5)]
  9253 | Lair:2   | HP: 11/99 [ice beast[Fannar] (1)]
  9308 | Lair:2   | Killed Fannar
  9608 | Lair:3   | Killed Snorg
  9684 | Lair:3   | HP: 25/101 [black mamba (9)]
  9785 | Lair:3   | Reached XP level 12. HP: 61/107 MP: 14/14
  9945 | Lair:3   | Noticed a six-headed hydra
 10164 | Lair:3   | HP: 27/108 [six-headed hydra (7)]
 10168 | Lair:3   | HP: 10/108 [six-headed hydra (12)]
 10170 | Lair:3   | Killed a six-headed hydra
 10170 | Lair:3   | Reached skill level 9 in Armour
 10210 | Lair:3   | Reached skill level 9 in Shields
 10347 | Lair:3   | Reached skill level 11 in Unarmed Combat
 10411 | Lair:3   | Reached skill level 11 in Fighting
 10978 | Lair:3   | Reached *** piety under Ashenzari
 11135 | Lair:4   | Found an opulent altar of Gozag.
 11143 | Lair:4   | Found a staircase to the Shoals.
 11299 | Lair:4   | Got the war axe of Zaog {freeze, +Fly rPois Stlth+}
 11475 | Lair:4   | Reached XP level 13. HP: 65/117 MP: 15/15
 11536 | Lair:4   | Reached skill level 10 in Armour
 11558 | Lair:4   | Reached skill level 10 in Shields
 11565 | Lair:4   | Reached skill level 12 in Fighting
 11565 | Lair:4   | Reached skill level 12 in Unarmed Combat
 11695 | Lair:4   | Found a staircase to the Snake Pit.
 12631 | Lair:5   | Identified the +1 ring mail "Zucaem" {rElec}
 13050 | Lair:5   | Identified the +5 scale mail of the Hidden Vale {+Fly rPois Str+6}
 13353 | Lair:6   | Entered Level 6 of the Lair of Beasts
 13411 | Lair:6   | Reached **** piety under Ashenzari
 13531 | Lair:6   | Found a staircase to the Slime Pits.
 14252 | Lair:6   | Reached skill level 13 in Fighting
 14252 | Lair:6   | Reached skill level 13 in Unarmed Combat
 14259 | Lair:6   | Reached XP level 14. HP: 107/129 MP: 16/16
 14322 | Lair:6   | Reached skill level 11 in Armour
 14524 | Lair:6   | Reached skill level 11 in Shields
 14923 | Lair:6   | Identified the Disquisition on the Mountains
 15231 | Lair:5   | HP: 22/129 [seven-headed hydra (12)]
 15237 | Lair:5   | HP: 19/129 [seven-headed hydra (13)]
 15237 | Lair:5   | HP: 8/129 [seven-headed hydra (11)]
 15723 | D:9      | Found a staircase to the Orcish Mines.
 16022 | D:9      | Found a hide-covered altar of Uskayaw.
 16430 | Orc:1    | Entered Level 1 of the Orcish Mines
 16897 | Orc:2    | Entered Level 2 of the Orcish Mines
 16979 | Orc:2    | Found a roughly hewn altar of Beogh.
 17144 | Orc:2    | Found a roughly hewn altar of Beogh.
 17144 | Orc:2    | Found Eciets's Weapon Shoppe.
 17202 | Orc:2    | Found a staircase to the Elven Halls.
 17207 | Orc:2    | Found a roughly hewn altar of Beogh.
 17420 | Orc:2    | Found a roughly hewn altar of Beogh.
 17589 | Orc:2    | Reached ***** piety under Ashenzari
 17618 | Orc:2    | Reached skill level 5 in Evocations
 17646 | Orc:2    | Found a roughly hewn altar of Beogh.
 17730 | Orc:2    | Found a roughly hewn altar of Beogh.
 17761 | Orc:2    | Found Wuew's Book Shoppe.
 17785 | Orc:2    | Bought a manual of Fighting for 1324 gold pieces
 17979 | Orc:2    | Noticed an orc warlord
 18032 | Orc:2    | Killed an orc warlord
 18208 | Orc:2    | Found Xenk's Antique Weapon Boutique.
 18209 | Orc:2    | Found a roughly hewn altar of Beogh.
 18210 | Orc:2    | Found Keam's Antique Armour Shop.
 18229 | Orc:2    | Bought a transparent helmet for 275 gold pieces
 18234 | Orc:2    | Identified the +1 helmet "Hajyuf" {+Blink Dex+4} (You bought it in a shop on level 2 of the Orcish Mines)
 18448 | D:10     | Entered Level 10 of the Dungeon
 19399 | D:11     | Reached skill level 14 in Fighting
 19443 | D:11     | Noticed Josephine
 19616 | D:11     | Noticed Sonja
 19640 | D:11     | Killed Sonja
 19681 | D:11     | Noticed Maurice
 19686 | D:11     | Killed Maurice
 19835 | D:11     | Reached skill level 14 in Unarmed Combat
 20016 | D:11     | Reached XP level 15. HP: 138/138 MP: 18/18
 20051 | D:11     | Killed Josephine
 20241 | D:12     | Found Suxaek's Magic Scroll Emporium.
 20281 | D:12     | Bought a scroll of blinking for 120 gold pieces
 20281 | D:12     | Bought a scroll of remove curse for 48 gold pieces
 20281 | D:12     | Bought a scroll of identify for 32 gold pieces
 20597 | D:12     | Found a frozen archway.
 20637 | D:12     | Reached skill level 12 in Armour
 20637 | D:12     | Reached skill level 6 in Evocations
 20669 | IceCv    | Entered an ice cave
 20875 | IceCv    | Got the spear of Regicide {venom, Dex+4}
 21631 | D:13     | Found Urut's Antique Weapon Emporium.
 21955 | D:13     | Found a gate to the Vaults.
 22032 | D:13     | Reached skill level 12 in Shields
 22233 | D:13     | Reached skill level 15 in Fighting
 22447 | D:14     | Noticed Nessos
 22475 | D:14     | Killed Nessos
 22590 | D:14     | Found Menop's Changing Room.
 22759 | D:14     | Reached ****** piety under Ashenzari
 22872 | D:15     | Entered Level 15 of the Dungeon
 22907 | D:15     | Reached skill level 7 in Evocations
 23336 | D:15     | Found a staircase to the Depths.
 23903 | Snake:1  | Entered Level 1 of the Snake Pit
 23903 | Snake:1  | Noticed Donald
 24143 | Lair:4   | Killed Donald
 24143 | Lair:4   | Reached XP level 16. HP: 129/150 MP: 20/20
 24169 | Snake:1  | HP: 37/151 [shock serpent (14)]
 24171 | Snake:1  | Reached skill level 16 in Fighting
 24180 | Lair:4   | HP: 27/151 [naga warrior/scimitar (20)]
 24964 | Snake:1  | Reached skill level 15 in Unarmed Combat
 24970 | Snake:1  | Reached skill level 8 in Evocations
 25253 | Snake:1  | Noticed Rupert
 25271 | Snake:1  | Killed Rupert
 25582 | Snake:2  | Reached skill level 13 in Armour
 25687 | Snake:2  | Reached skill level 17 in Fighting
 25926 | Snake:2  | Noticed Vashnia
 26616 | Snake:2  | HP: 27/155 [naga sharpshooter/bolt[Vashnia] (23)]
 27025 | Snake:2  | Reached skill level 9 in Evocations
 27653 | Snake:3  | Reached XP level 17. HP: 136/161 MP: 22/22
 27713 | Snake:3  | Reached skill level 13 in Shields
 28046 | Snake:3  | Noticed Kirke
 28603 | Snake:3  | Killed Kirke
 28888 | Snake:4  | Entered Level 4 of the Snake Pit
 29025 | Snake:4  | Got the quick blade "Reigius" {vamp, rN+ Stlth+}
 29322 | Snake:4  | Reached skill level 18 in Fighting
 29331 | Snake:4  | Reached skill level 1 in Dodging
 29443 | Snake:4  | Reached skill level 16 in Unarmed Combat
 29471 | Snake:4  | Reached skill level 10 in Evocations
 29530 | Snake:4  | HP: 39/163 [nagaraja/halberd (4)]
 29537 | Snake:4  | HP: 38/163 [naga sharpshooter/bolt (7)]
 29577 | Snake:4  | Reached skill level 2 in Dodging
 30139 | Snake:4  | Reached skill level 3 in Dodging
 30346 | Snake:4  | Reached XP level 18. HP: 140/172 MP: 24/24
 30470 | Snake:4  | Reached skill level 4 in Dodging
 30491 | Snake:4  | Got a serpentine rune of Zot
 30500 | Snake:4  | Reached skill level 14 in Armour
 30816 | Shoals:1 | Entered Level 1 of the Shoals
 31436 | Shoals:2 | Found Fisud's Jewellery Shoppe.
 31473 | Shoals:2 | Bought a +5 amulet of reflection for 475 gold pieces
 31722 | Shoals:2 | Found Boint's General Store.
 31730 | Shoals:2 | Bought a scroll of magic mapping for 56 gold pieces
 31730 | Shoals:2 | Bought a scroll of recharging for 152 gold pieces
 31811 | Shoals:2 | Reached skill level 5 in Dodging
 32420 | Shoals:3 | Noticed Polyphemus
 32445 | Shoals:3 | HP: 27/173 [Polyphemus/catoblepas (25)]
 32700 | Shoals:3 | Reached skill level 11 in Evocations
 33237 | Shoals:4 | Entered Level 4 of the Shoals
 33333 | Shoals:4 | Noticed Ilsuiw
 33431 | Shoals:3 | HP: 42/174 [merfolk impaler/trident of protection (8)]
 33477 | Shoals:4 | Reached skill level 6 in Dodging
 33767 | Shoals:4 | Reached XP level 19. HP: 128/181 MP: 26/26
 33967 | Shoals:3 | Reached skill level 19 in Fighting
 34066 | Shoals:4 | Reached skill level 17 in Unarmed Combat
 34090 | Shoals:4 | Killed Ilsuiw
 34389 | Shoals:4 | Got a barnacled rune of Zot
 34755 | Depths:1 | Entered Level 1 of the Depths
 35111 | Depths:1 | Found Qanext's Antique Weapon Shoppe.
 35111 | Depths:1 | Found Etugh's Antique Weapon Emporium.
 35113 | Depths:1 | Found Ned Wueb's Distillery.
 35117 | Depths:1 | Found Resumpim's Distillery.
 35131 | Depths:1 | Bought a potion of cancellation for 112 gold pieces
 35131 | Depths:1 | Bought a potion of might for 56 gold pieces
 35131 | Depths:1 | Bought a potion of haste for 140 gold pieces
 35131 | Depths:1 | Bought a potion of haste for 140 gold pieces
 35137 | Depths:1 | Bought a potion of heal wounds for 60 gold pieces
 35137 | Depths:1 | Bought a potion of agility for 48 gold pieces
 35137 | Depths:1 | Bought a potion of heal wounds for 60 gold pieces
 35178 | Depths:1 | Noticed Asterion
 35378 | D:15     | Killed Asterion
 35378 | D:15     | Reached skill level 7 in Dodging
 35495 | Depths:1 | Noticed a caustic shrike
 35517 | Depths:1 | Noticed a caustic shrike
 35519 | Depths:1 | Noticed a caustic shrike
 35522 | Depths:1 | Noticed a caustic shrike
 35570 | Depths:1 | Killed a caustic shrike
 35577 | Depths:1 | HP: 41/183 [caustic shrike (24)]
 35580 | Depths:1 | Killed a caustic shrike
 35831 | Depths:1 | Reached skill level 12 in Evocations
 35878 | Depths:1 | Killed a caustic shrike
 35878 | Depths:1 | Reached skill level 15 in Armour
 35926 | Depths:1 | Killed a caustic shrike
 36425 | Depths:1 | Found a gateway to Hell.
 36672 | Depths:1 | Reached XP level 20. HP: 161/191 MP: 28/28
 36722 | Depths:2 | Reached skill level 8 in Dodging
 36931 | Depths:2 | Noticed Saint Roka
 36948 | Depths:2 | Killed Saint Roka
 37167 | Depths:2 | Found a shattered altar of Ashenzari.
 37522 | Depths:3 | Found a one-way gate leading to the halls of Pandemonium.
 37522 | Depths:3 | Found Mepecatz's Antique Weapon Emporium.
 37623 | Depths:3 | Found Eloacw's Armour Boutique.
 37653 | Depths:3 | Reached skill level 18 in Unarmed Combat
 37826 | Depths:3 | Bought the cursed +0 pair of boots of the Buccaneer {rF+ Stlth+} for 274 gold pieces
 38143 | Depths:3 | Reached skill level 20 in Fighting
 38279 | Depths:3 | Reached skill level 9 in Dodging
 38338 | Depths:3 | Paralysed by a floating eye for 3 turns
 38502 | Depths:3 | Noticed a golden dragon
 38528 | Depths:3 | Killed a golden dragon
 38564 | Depths:3 | Reached skill level 13 in Evocations
 38742 | Depths:3 | Noticed a golden dragon
 38759 | Depths:3 | Killed a golden dragon
 38778 | Depths:3 | Found Cidiadot's Food Shoppe.
 38778 | Depths:3 | Found Vaomp's Antique Armour Shop.
 38778 | Depths:3 | Found Seorph's Jewellery Shop.
 38778 | Depths:3 | Found Ruixuem's General Store.
 38796 | Depths:3 | Bought the ring "Keut" {rC+ Str+4 Dex+2 Stlth+} for 705 gold pieces
 38841 | Depths:3 | Bought a box of beasts for 400 gold pieces
 39019 | Depths:3 | Reached XP level 21. HP: 141/201 MP: 29/29
 39226 | Depths:3 | Found a gateway to a ziggurat.
 39778 | Depths:4 | Found Toasuvis's General Store.
 39793 | Depths:4 | Found a one-way gate to the infinite horrors of the Abyss.
 39964 | Depths:4 | Found Zifeb's Assorted Antiques.
 40162 | Depths:4 | Noticed a golden dragon
 40288 | Depths:4 | Killed a golden dragon
 40288 | Depths:4 | Reached skill level 10 in Dodging
 40387 | Depths:4 | Reached skill level 16 in Armour
 40457 | Depths:4 | Bought a moonstone ring for 145 gold pieces
 40480 | Depths:4 | Found Zeps's Antique Weapon Shoppe.
 40759 | Depths:4 | Noticed a juggernaut
 40826 | Depths:4 | Killed a juggernaut
 41000 | Depths:4 | Noticed a golden dragon
 41005 | Depths:4 | Killed a golden dragon
 41018 | Depths:4 | Identified the cursed +1 chain mail "Icadiamu" {rPois rF- rCorr}
 41279 | Depths:5 | Entered Level 5 of the Depths
 41290 | Depths:5 | Reached skill level 19 in Unarmed Combat
 41577 | Vaults:1 | Entered Level 1 of the Vaults
 41693 | Vaults:1 | Found a glowing golden altar of the Shining One.
 41943 | Vaults:1 | Reached XP level 22. HP: 211/211 MP: 31/31
 41952 | Vaults:1 | Reached skill level 14 in Evocations
 42413 | Vaults:1 | Identified the cursed +0 chain mail of Syndicalism {MP+9 Str+6}
 43118 | Vaults:2 | Found a ruined gateway.
 43123 | Desolati | Entered the Desolation of Salt
 43272 | Desolati | Reached skill level 11 in Dodging
 43383 | Desolati | Reached skill level 21 in Fighting
 43422 | Desolati | Identified the ring "Qerchot" {rElec rC+ rN+ Dex+2}
 43458 | Desolati | Identified the amulet "Lironung" {+Rage MP+9}
 43459 | Desolati | Identified the Tome of Spatial Ice
 43551 | Desolati | Got the cursed lajatang of Wele {slice, Str+4 Int+7 Stlth+}
 43564 | Desolati | Identified the ring "Wieliav" {Str+4 Dex+4}
 43570 | Desolati | Identified the cursed +0 ring mail "Qeetai" {rCorr}
 43570 | Desolati | Identified the amulet of Qisux {Gourm -Tele rN++ Dex+6}
 43570 | Desolati | Identified the Reference Book on Ashen Cold
 43571 | Desolati | Identified the amulet "Kirat" {Inacc Int+3}
 43581 | Desolati | Got the cursed battleaxe of True Grit {chop, Int+3}
 43758 | Desolati | Identified the cursed +1 leather armour of Good Intentions {-Tele Str+6}
 43759 | Desolati | Identified the ring "Zosugah" {+Fly Str+4}
 44524 | Vaults:2 | Found a staircase to the Crypt.
 45729 | Vaults:3 | Found a portal to a secret trove of treasure.
 45860 | Vaults:3 | Noticed Jory
 45865 | Vaults:3 | Killed Jory
 45971 | Vaults:3 | Reached XP level 23. HP: 205/220 MP: 33/33
 46101 | Vaults:3 | Reached skill level 17 in Armour
 46240 | Vaults:3 | Reached skill level 20 in Unarmed Combat
 46248 | Vaults:3 | Reached skill level 15 in Evocations
 46344 | Vaults:3 | Learned a level 1 spell: Apportation
 48353 | Depths:1 | Bought a potion of haste for 120 gold pieces
 48353 | Depths:1 | Bought a potion of haste for 120 gold pieces
 48353 | Depths:1 | Bought a potion of agility for 48 gold pieces
 48353 | Depths:1 | Bought a potion of curing for 36 gold pieces
 48353 | Depths:1 | Bought a potion of cancellation for 96 gold pieces
 48353 | Depths:1 | Bought a potion of curing for 36 gold pieces
 48568 | Vaults:3 | You paid a toll of 17 potions of curing to enter a treasure trove
 48569 | Trove    | Entered a treasure trove
 48611 | Trove    | Identified Abroti's Compendium of Stolen Souls and Curses
 48624 | Trove    | Identified Xiur's Volume of Intoxication and Beguiling
 48627 | Trove    | Identified Caso's Collected Works on Conjuration
 48774 | Vaults:5 | Entered Level 5 of the Vaults
 48808 | Vaults:5 | Noticed a golden dragon
 48858 | Vaults:4 | Reached skill level 22 in Fighting
 48936 | Vaults:4 | Reached XP level 24. HP: 215/231 MP: 33/33
 49030 | Vaults:4 | Reached skill level 18 in Armour
 49266 | Vaults:4 | Reached skill level 21 in Unarmed Combat
 49364 | Vaults:4 | Reached skill level 16 in Evocations
 49374 | Vaults:4 | HP: 53/233 [fire giant/great sword of flaming (15)]
 49652 | Depths:1 | Bought a potion of haste for 140 gold pieces
 50281 | Depths:5 | Found a hazy altar of Hepliaklqana.
 50317 | Depths:5 | Noticed a juggernaut
 50375 | Depths:5 | Reached skill level 19 in Armour
 50515 | Depths:5 | Noticed a juggernaut
 50542 | Depths:5 | Noticed a caustic shrike
 50553 | Depths:5 | Killed a caustic shrike
 50577 | Depths:5 | Reached XP level 25. HP: 107/240 MP: 34/34
 50835 | Depths:5 | Found a hazy altar of Hepliaklqana.
 50839 | Depths:5 | Found a white marble altar of Elyvilon.
 50903 | Depths:5 | Killed a juggernaut
 50917 | Depths:5 | Killed a juggernaut
 50917 | Depths:5 | Reached skill level 23 in Fighting
 50982 | Depths:5 | Noticed a juggernaut
 50992 | Depths:5 | Killed a juggernaut
 51029 | Depths:5 | Got the uncursed pair of gloves of Xeehy {rF+}
 51049 | Depths:5 | Reached skill level 22 in Unarmed Combat
 51049 | Depths:5 | Reached skill level 17 in Evocations
 51076 | Depths:5 | Got the shortbow "Iralafuh" {flame, rC+ Int+6}
 51174 | Depths:5 | Reached skill level 20 in Armour
 51345 | Depths:5 | Found a gate to the Realm of Zot.
 51961 | Elf:1    | Entered Level 1 of the Elven Halls
 52041 | Elf:1    | Reached skill level 1 in Translocations
 52092 | Elf:1    | Reached skill level 1 in Spellcasting
 52207 | Elf:1    | Reached skill level 2 in Translocations
 52245 | Elf:1    | Identified a scroll of acquirement
 52294 | Elf:1    | Identified the +0 pair of gloves of Xeehy {rF+} (You found it on level 5 of the Depths)
 52414 | Elf:1    | Reached skill level 2 in Spellcasting
 52868 | Elf:2    | Reached XP level 26. HP: 232/250 MP: 34/34
 53105 | Elf:2    | Found Edal's Jewellery Emporium.
 53106 | Elf:2    | Found Eclot Roeru's Gadget Shop.
 53107 | Elf:2    | Found Efisogol's Jewellery Emporium.
 53121 | Elf:2    | Bought a box of beasts for 240 gold pieces
 53219 | Elf:2    | Got the broad axe "Egg" {freeze, Str+9 Dex-5 SInv}
 53314 | Elf:2    | Reached skill level 3 in Spellcasting
 53353 | Elf:2    | Found a huge runed gate.
 53353 | Elf:2    | Found a huge runed gate.
 53359 | Elf:2    | Found a huge runed gate.
 53564 | Elf:2    | Reached skill level 3 in Translocations
 53957 | Elf:3    | Entered Level 3 of the Elven Halls
 54052 | Elf:3    | Found Musemp's Antique Weapon Shoppe.
 54489 | Elf:3    | Reached skill level 4 in Spellcasting
 54503 | Elf:3    | Reached skill level 4 in Translocations
 54892 | Elf:3    | Reached skill level 21 in Armour
 54933 | Elf:3    | Reached skill level 5 in Spellcasting
 54954 | Elf:3    | Got the triple crossbow of Stickiness {penet, Int+7}
 54976 | Elf:3    | Identified a +5 rod of clouds (10/10) {!a} (You found it on level 3 of the Elven Halls)
 54984 | Elf:3    | Reached skill level 5 in Translocations
 54999 | Elf:3    | Identified a +3 rod of clouds (10/10) {!a} (You found it on level 3 of the Elven Halls)
 55014 | Elf:3    | Got the mace "Goyhi" {crush, rPois rC+}
 55017 | Elf:3    | Identified the amulet "Raxaphed" {MR+ Regen+}
 55019 | Elf:3    | Identified the +2 scale mail "Mineacw" {Regen+ Stlth+}
 55683 | Vaults:5 | Noticed an ancient lich
 55696 | Vaults:4 | Killed an ancient lich
 55840 | Vaults:4 | Reached XP level 27. HP: 234/260 MP: 31/34
 55935 | Vaults:5 | Reached skill level 6 in Spellcasting
 55935 | Vaults:5 | Reached skill level 6 in Translocations
 56015 | Vaults:5 | Reached skill level 18 in Evocations
 56055 | Vaults:5 | Identified the Guide on Floating Dislocation
 56208 | Vaults:5 | Got the short sword "Arcanum" {pierce, Dex+4}
 56274 | Vaults:5 | Learned a level 2 spell: Passwall
 56338 | Vaults:5 | Got the shortbow of the Skies Above {venom, Dex+3}
 56348 | Vaults:5 | Got a silver rune of Zot
 56836 | Vaults:5 | Reached skill level 23 in Unarmed Combat
 57165 | Depths:1 | Reached skill level 24 in Fighting
 57399 | Zot:1    | Entered Level 1 of the Realm of Zot
 58418 | Zot:2    | Reached skill level 22 in Armour
 58978 | Vaults:3 | Learned a level 3 spell: Lesser Beckoning
 60261 | Zot:3    | Noticed an orb of fire
 60834 | Zot:5    | Entered Level 5 of the Realm of Zot
 60868 | Zot:4    | Reached skill level 19 in Evocations
 60886 | Zot:4    | HP: 66/264 [mottled draconian monk (22)]
 61398 | Zot:5    | Reached skill level 24 in Unarmed Combat
 61480 | Zot:5    | Noticed an ancient lich
 61494 | Zot:5    | Killed an ancient lich
 61504 | Zot:5    | Reached skill level 7 in Translocations
 61546 | Zot:5    | Noticed an orb of fire
 61563 | Zot:5    | Killed an orb of fire
 61566 | Zot:5    | Noticed an orb of fire
 61574 | Zot:5    | Killed an orb of fire
 61574 | Zot:5    | Reached skill level 7 in Spellcasting
 61615 | Zot:5    | Noticed an ancient lich
 61621 | Zot:5    | Noticed an orb of fire
 61640 | Zot:5    | Killed an orb of fire
 61640 | Zot:5    | Reached skill level 25 in Fighting
 61641 | Zot:5    | Noticed an ancient lich
 61653 | Zot:5    | Killed an ancient lich
 61703 | Zot:5    | Reached skill level 23 in Armour
 61777 | Zot:5    | HP: 57/266 [Orb Guardian (25)]
 61778 | Zot:5    | Noticed an orb of fire
 61778 | Zot:5    | HP: 8/266 [Orb Guardian (49)]
 61778 | Zot:5    | Annihilated by an Orb Guardian

Skill      XL: |  1  2  3  4  5  6  7  8  9 10 11 12 13 14 15 16 17 18 19 20 21 22 23 24 25 26 27 |
---------------+----------------------------------------------------------------------------------+-----
Shields        | 3 4 5 6 7 8 9 10 11 12 13 | 13.3
Unarmed Combat | 3 4 5 6 7 9 10 11 13 14 15 16 17 18 19 20 21 22 24 | 24.2
Armour         | 3 4 5 6 7 8 9 10 11 12 13 14 15 16 17 19 20 21 23 | 23.0
Fighting       | 4 5 6 7 9 10 11 13 14 15 17 18 19 20 21 22 23 25 | 25.0
Evocations     | 1 3 4 5 7 9 10 11 12 13 14 15 16 17 19 | 19.2
Dodging        | 3 6 7 9 10 11 | 11.3
Translocations | 2 5 7 |  7.6
Spellcasting   | 2 5 7 |  7.3

Action                   |  1- 3 |  4- 6 |  7- 9 | 10-12 | 13-15 | 16-18 | 19-21 | 22-24 | 25-27 || total
-------------------------+-------+-------+-------+-------+-------+-------+-------+-------+-------++-------
Melee: Unarmed           |   133 |   200 |   613 |   880 |  2230 |  1706 |  1432 |  2014 |  2036 || 11244
Throw: Javelin           |       |       |       |     1 |       |       |     1 |     1 |       ||     3
 Cast: Lesser Beckoning  |       |       |       |       |       |       |       |       |     4 ||     4
Invok: Curse Item        |       |       |     2 |     2 |     3 |     3 |       |     1 |     1 ||    12
 Abil: Evoke Flight      |       |       |       |       |       |     5 |       |       |       ||     5
Evoke: Wand              |       |       |     1 |    16 |    12 |    11 |    10 |     6 |    10 ||    66
       Phantom mirror    |       |       |       |     1 |       |       |       |       |       ||     1
       Sack of spiders   |       |       |       |       |     4 |       |     4 |       |     1 ||     9
       Phial of floods   |       |       |       |       |     1 |       |     3 |     1 |       ||     5
       Box of beasts     |       |       |       |       |       |       |     1 |     5 |     1 ||     7
       Disc of storms    |       |       |       |       |       |       |       |       |     3 ||     3
       Lamp of fire      |       |       |       |       |       |       |       |       |     1 ||     1
  Use: Potion            |       |     2 |     3 |     9 |     1 |     6 |     2 |    20 |     6 ||    49
       Scroll            |       |       |     9 |     9 |    21 |    14 |    11 |     8 |    16 ||    88
 Stab: Invisible         |       |       |     3 |       |       |       |       |    18 |       ||    21
       Distracted        |       |       |       |     1 |       |       |     3 |     3 |     2 ||     9
       Paralysed         |       |       |       |       |     4 |     3 |       |       |       ||     7
       Petrified         |       |       |       |       |       |    14 |       |       |       ||    14
       Petrifying        |       |       |       |       |       |     1 |       |       |       ||     1
       Sleeping          |       |       |       |       |       |       |     1 |       |     4 ||     5
       Confused          |       |       |       |       |       |       |     1 |       |     5 ||     6
  Eat: Chunk             |     4 |     7 |    20 |   104 |   120 |   154 |    90 |   147 |   143 ||   789
       Pizza             |       |       |       |       |       |       |       |     1 |       ||     1
Armor: Scale mail        |    41 |    44 |   237 |   250 |   381 |   370 |   232 |   271 |   289 ||  2115
Dodge: Dodged            |    35 |    39 |   141 |   239 |   388 |   347 |   374 |   711 |   550 ||  2824
Block: Shield            |    69 |    79 |   265 |   445 |  1464 |  1521 |  1217 |  1911 |  1402 ||  8373
       Reflection        |       |       |       |       |       |    65 |   129 |   126 |   104 ||   424

Vault maps used:
D:1:      zelgadis_glass_arrival_small
D:2:      old_standard_altar
D:3:      uniq_terence, uniq_grinder, uniq_natasha
D:4:      minitemple, nicolae_tso_besieged_by_evil
D:5:      lemuel_coloured_pillars_altar, lemuel_doored_altar,
          portal_sewer_entry_f, first_bread, minivault_25, uniq_menkaure
D:6:      serial_corexii_hall, corexii_hall_statues_l, corexii_hall_statues_x,
          minmay_misc_feat_encased, uniq_edmund
D:7:      old_standard_altar, minmay_ruffians
D:8:      lair_0_dummy, uniq_pikel
D:9:      nicolae_overflow_crystal_walls, orc_0_dummy, grunt_ogre_cave
D:11:     minmay_strange_pillars, uniq_josephine, uniq_maurice, uniq_sonja
D:12:     serial_shops, shop_scrolls, portal_ice_cave_entry_animals_and_master,
          roderic_batcave
D:13:     hangedman_vaults_entry_quadrant_bands, serial_shops,
          nicolae_shop_overgrown_old_shop, corexii_checkpoint_a
D:14:     nicolae_transmutations_shop, uniq_nessos
D:15:     grunt_enter_depths_magical_seal, minmay_misc_feat_roman
Temple:   dpeg_three_leaves_temple
Lair:1:   infiniplex_staircase_pool_2
Lair:2:   beast_lair_carwin_large_3, grunt_megastairs_2, serial_bayou_shore_a
Lair:3:   regret_index_wax_grids, st_stairs_5, uniq_fannar, uniq_snorg
Lair:4:   beast_lair_carwin_large_2, shoals_dummy_entry, dummy_snake_entry,
          basic_altar, pond, lemuel_fruit_tree
Lair:6:   minmay_lair_end_enchanted_forest, minmay_slime_entry_pillars,
          st_stairs_11
Shoals:2: serial_shops, shop, shop, nicolae_shoals_so_close
Shoals:3: nicolae_shoals_island_circles, uniq_polyphemus
Shoals:4: shoals_end_simple, shoals_ilsuiw_ice
Snake:1:  uniq_rupert, uniq_donald
Snake:2:  uniq_vashnia
Snake:3:  uniq_kirke
Snake:4:  snake_pit
Orc:1:    uniq_harold
Orc:2:    grunt_orc_community_town_hall, grunt_orc_community_big_house_1,
          grunt_orc_community_big_house_1, grunt_orc_community_house_1,
          grunt_orc_community_house_1, grunt_orc_community_house_2,
          grunt_orc_community_house_2, grunt_orc_community_house_2,
          grunt_orc_community_house_1, basic_altar
Elf:1:    elf_arrival_001, orc_legates
Elf:2:    minmay_shop_grove
Elf:3:    minmay_elf_hall_hex, serial_shops, nicolae_shop_behind_doors,
          spider_trap, nicolae_elf_big_sculpture_2, minivault_16
Vaults:1: st_star, hangedman_vaults_capsules, v_misc_18, basic_altar
Vaults:2: ontoclasm_vaults_eye, nicolae_vaults_network_quinsquares,
          vaults_dpeg_encased_lava, nicolae_vaults_ring_of_whatevers,
          ontoclasm_vaults_spin, minmay_crypt_entry_simple_statues,
          vaults_standard_mumra_x, vaults_room_door_ring, grunt_vaults_focal,
          portal_desolation_entry_ruin
Vaults:3: hangedman_vaults_snaps, ontoclasm_vaults_fault, st_quartered_hall,
          ontoclasm_vaults_ring_large, v_misc_30,
          nicolae_vaults_border_crossing, v_misc_29,
          ontoclasm_vaults_decontamination, v_misc_11, v_misc_23,
          vaults_mumra_lcd, enter_trove_3, uniq_jory
Vaults:4: v_misc_14, hangedman_vaults_variations, vaults_room_corners,
          vaults_room_octagon, ontoclasm_vaults_misaligned,
          hangedman_vaults_corner_blocks, grunt_vaults_hallway_long,
          vaults_room_semicircle, vaults_mumra_hex, vaults_dpeg_ring,
          st_squares, vaults_standard_mumra_enter_the_diamond
Depths:1: grunt_hell_entry_dis_old, hangedman_devilish_allure,
          grunt_megastairs_3, minmay_shoptagon, uniq_asterion
Depths:2: minmay_eyes, hell_entry, grunt_decor_one_mirror,
          evilmike_ruin_ashenzari, infiniplex_staircase_zigzag_1, firewood_loft,
          uniq_saint_roka
Depths:3: hangedman_box_tower, enter_ziggurat_d, pan_entry, serial_shops, shop,
          kennysheep_little_box, hell_entry, serial_co_window_serial,
          co_window_paths_b, co_window_paths_a, co_window_corner_a,
          co_window_cross_1, co_window_corner_a, co_window_corner_a,
          co_window_corner_ca, co_window_corner_b, glass_columns_b,
          glass_columns_b, glass_columns_b, glass_columns_a, glass_columns_a
Depths:4: evilmike_pillar_path, serial_shops, nicolae_shop_overgrown_old_shop,
          shop, shop, hell_entry, abyss_entry, hangedman_decor_growths,
          hangedman_abyss_or_decor_stagger, dispersion_dpeg
Depths:5: hangedman_slaughterboxes, hell_entry, abyss_entry
Zot:2:    kennysheep_spiral_hall
Zot:3:    basic_stair_grate_trap
Zot:4:    hangedman_zot_decor_tridents
Trove:    trove_library
Sewer:    kennysheep_pipe_town
IceCv:    ice_cave_tombish

Table legend:
 A = Turns spent in this place as a percentage of turns spent in the entire game.
 B = Non-inter-level travel turns spent in this place as a percentage of non-inter-level travel turns spent in the entire game.
 C = Inter-level travel turns spent in this place as a percentage of turns spent in this place.
 D = Turns resting spent in this place as a percentage of non-inter-level travel turns spent in this place.
 E = Turns spent auto-exploring this place as a percentage of non-inter-level travel turns spent in this place.
 F = Non-inter-level travel turns spent in this place divided by the number of levels of this place that you've seen.
                   A       B       C       D       E      F
               +-------+-------+-------+-------+-------+----------------------
         Total | 100.0 | 100.0 |   0.5 |   0.4 |   5.0 | 515.7
       Dungeon |  17.0 |  17.0 |   0.6 |   0.5 |   7.1 | 315.7
        Temple |   0.1 |   0.1 |   2.7 |   0.0 |  22.2 |  36.0
          Lair |  13.6 |  13.6 |   0.7 |   0.7 |   4.7 | 629.2
        Shoals |   7.5 |   7.5 |   0.6 |   0.5 |   4.1 | 522.0
     Snake Pit |  10.5 |  10.5 |   0.3 |   0.5 |   4.4 | 732.0
  Orcish Mines |   3.8 |   3.8 |   0.4 |   0.2 |   3.9 | 530.0
   Elven Halls |   6.5 |   6.5 |   0.3 |   0.2 |   4.8 | 603.0
        Vaults |  14.3 |  14.3 |   0.6 |   0.1 |   4.5 | 794.2
        Depths |  16.2 |  16.2 |   0.6 |   0.3 |   4.9 | 903.8
           Zot |   6.6 |   6.6 |   0.3 |   0.3 |   4.1 | 367.4
         Trove |   0.2 |   0.2 |   0.0 |   0.0 |   0.0 |  66.0
         Sewer |   0.7 |   0.7 |   0.0 |   1.1 |  10.1 | 189.0
      Ice Cave |   0.8 |   0.8 |   0.0 |   0.0 |   4.4 | 229.0
    Desolation |   2.2 |   2.2 |   0.0 |   0.0 |   3.0 | 605.0
               +-------+-------+-------+-------+-------+----------------------

Table legend:
 A = Kills in this place as a percentage of kills in entire the game.
 B = Kills by you in this place as a percentage of kills by you in the entire game.
 C = Kills by friends in this place as a percentage of kills by friends in the entire game.
 D = Other kills in this place as a percentage of other kills in the entire game.
 E = Experience gained in this place as a percentage of experience gained in the entire game.
 F = Experience gained in this place divided by the number of levels of this place that you have seen.
                   A       B       C       D       E      F
               +-------+-------+-------+-------+-------+----------------------
         Total | 100.0 | 100.0 | 100.0 | 100.0 | 100.0 | 29081.6
       Dungeon |  17.9 |  18.6 |   3.6 |   0.0 |   3.7 | 3883.8
          Lair |  11.6 |  12.0 |   1.8 |   2.1 |   4.1 | 10832.3
        Shoals |   5.5 |   5.3 |   3.6 |  21.3 |   5.2 | 20224.0
     Snake Pit |   8.4 |   8.7 |   0.0 |   4.3 |   7.9 | 31149.0
  Orcish Mines |   5.4 |   5.6 |   0.0 |   0.0 |   0.6 | 4666.0
   Elven Halls |   7.9 |   7.9 |  10.9 |   2.1 |   9.7 | 50582.7
        Vaults |  17.5 |  17.3 |   5.5 |  42.6 |  22.4 | 70296.8
        Depths |  15.6 |  14.9 |  38.2 |  23.4 |  27.2 | 85576.2
           Zot |   5.5 |   5.6 |   3.6 |   4.3 |  16.7 | 52310.4
         Sewer |   1.0 |   1.0 |   0.0 |   0.0 |   0.0 | 431.0
      Ice Cave |   0.7 |   0.8 |   0.0 |   0.0 |   0.2 | 3542.0
    Desolation |   3.0 |   2.4 |  32.7 |   0.0 |   2.3 | 35693.0
               +-------+-------+-------+-------+-------+----------------------
